 Dungeon Crawl Stone Soup version 0.19.5 (webtiles) character file.

6975 Reinor the Nimble (level 10, -11/42 HPs)
             Began as a Felid Air Elementalist on May 2, 2017.
             Was a Priest of Vehumet.
             Mangled by a deep troll earth mage (17 damage)
             ... on level 11 of the Dungeon on May 3, 2017.
             The game lasted 01:57:29 (19332 turns).

Reinor the Nimble (Felid Air Elementalist)         Turns: 19332, Time: 01:57:29

Health: -11/42     AC:  2    Str:  4    XL:     10   Next: 81%
Magic:  19/23      EV: 26    Int: 20    God:    Vehumet [***...]
Gold:   562        SH:  0    Dex: 17    Spells: 8 memorised, 5 levels left
                                        Lives:  0   Deaths: 3

rFire  + . .     SeeInvis +       - Unarmed
rCold  . . .     Gourm    .     (armour unavailable)
rNeg   . . .     Faith    .     (shield unavailable)
rPois  .         Spirit   .     (helmet unavailable)
rElec  .         Reflect  .     (cloak unavailable)
rCorr  .         Harm     .     (gloves unavailable)
MR     +....                    (boots unavailable)
Stlth  ++++......               (no amulet)
                                q - +4 ring of slaying
                                p - ring of protection from fire

@: repel missiles, quick
A: no armour, no weapons or thrown items, stealth, claws 1, fangs 3, see
invisible, carnivore 3, speed 1, shaggy fur 2, slow metabolism 1, sharp paws
a: Renounce Religion


You were on level 11 of the Dungeon.
You worshipped Vehumet.
Vehumet was most pleased with you.
You were completely stuffed.

You visited 2 branches of the dungeon, and saw 12 of its levels.

You collected 562 gold pieces.

Inventory:

Jewellery
 e - an uncursed amulet of faith
 p - a ring of protection from fire (left paw)
 q - a +4 ring of slaying (right paw)
 C - an uncursed ring of magical power
 E - an uncursed ring of protection from magic
Wands
 i - a wand of teleportation (3/9)
 k - a wand of iceblast (7/15)
 m - a wand of enslavement (13/24)
 o - a wand of flame (14/48)
 v - a wand of lightning (7/15)
 w - a wand of flame (38/48)
 x - a wand of acid (14/15)
 y - a wand of lightning (5/15)
 D - a wand of iceblast (4/15)
 I - a wand of disintegration (11/24)
Scrolls
 f - 4 scrolls of remove curse
 l - 3 scrolls of amnesia
 n - a scroll of fog
 z - a scroll of fear
 F - 2 scrolls of recharging {unknown}
Potions
 c - 4 potions of curing
 d - 3 potions of heal wounds
 h - 2 potions of agility
 r - a potion of cancellation {unknown}
 s - a potion of magic {unknown}
 u - 2 potions of haste
 A - a potion of invisibility
 H - a potion of might {unknown}
Books
 a - a book of Air

   Spells                             Type                      Level
   a - Shock                          Conjuration/Air              1
   b - Swiftness                      Charms/Air                   2
   c - Repel Missiles                 Charms/Air                   2
   d - Static Discharge               Conjuration/Air              3
   e - Lightning Bolt                 Conjuration/Air              5
 j - a book of Changes

   Spells                             Type                      Level
   a - Beastly Appendage              Transmutation                1
   b - Sticks to Snakes               Transmutation                2
   c - Spider Form                    Transmutation/Poison         3
   d - Ice Form                       Ice/Transmutation            4
   e - Blade Hands                    Transmutation                5
 t - Reinor's Grimoire of Ensnaring Changing
   (You acquired it on level 10 of the Dungeon)

   Spells                             Type                      Level
   a - Slow                           Hexes                        2
   b - Inner Flame                    Hexes/Fire                   3
   c - Silence                        Hexes/Air                    5
   d - Statue Form                    Transmutation/Earth          6
 B - a book of Callings

   Spells                             Type                      Level
   a - Summon Small Mammal            Summoning                    1
   b - Call Imp                       Summoning                    2
   c - Call Canine Familiar           Summoning                    3
   d - Summon Guardian Golem          Hexes/Summoning              3
   e - Summon Lightning Spire         Summoning/Air                4
   f - Summon Ice Beast               Ice/Summoning                4
Comestibles
 b - 7 meat rations
 g - 5 beef jerkies
 G - 3 chunks of flesh


   Skills:
 - Level 3.0 Fighting
 + Level 10.1 Dodging
 - Level 8.2 Stealth
 - Level 5.0 Unarmed Combat
 + Level 8.9 Spellcasting
 + Level 7.0 Conjurations
 - Level 6.0 Charms
 + Level 8.3 Air Magic
 - Level 2.2 Evocations


You had 5 spell levels left.
You knew the following spells:

 Your Spells              Type           Power        Failure   Level  Hunger
a - Shock                 Conj/Air       ####         1%          1    None
b - Repel Missiles        Chrm/Air       #####.       1%          2    None
c - Swiftness             Chrm/Air       #####...     1%          2    None
d - Regeneration          Chrm/Necr      ###.......   10%         3    None
e - Static Discharge      Conj/Air       #####...     1%          3    None
f - Ozocubu's Armour      Chrm/Ice       ###.....     10%         3    None
g - Searing Ray           Conj           #####.       1%          2    None
h - Lightning Bolt        Conj/Air       #####.....   3%          5    #####..


Dungeon Overview and Level Annotations

Branches:
Dungeon (11/15)            Temple (1/1) D:6            Lair (0/6) D:9
    Orc (0/2) D:9

Altars:
Ashenzari
Cheibriados
Dithmenos
Elyvilon
Fedhas
Gozag
Hepliaklqana
Kikubaaqudgha
Makhleb
Nemelex Xobeh
Okawaru
Qazlal
Ru
Sif Muna
Trog
Uskayaw
Vehumet
Xom
Yredelemnul
Zin
The Shining One

Shops:
D:8 :

Annotations:
D:5 Dowan
D:8 blueshrew's ghost, novice HESk
D:11 Harold


Innate Abilities, Weirdness & Mutations

You cannot wear armour.
You are incapable of wielding weapons or throwing items.
Your paws allow you to move quietly. (Stealth)
You have sharp claws.
You have razor-sharp teeth.
You have supernaturally acute eyesight. (SInv)
You are carnivorous and can eat meat at any time.
You cover ground quickly.
You are covered in thick fur. (AC +2)
You have a slow metabolism.
Your sharp claws are effective at attacking unaware monsters.


Message History

You feel your power returning.
Your Conjurations skill increases to level 7!
You hear a shout!
You barely miss the troll. The troll completely misses you.
The troll misses you. The troll closely misses you.
The troll closely misses you. x2; The troll completely misses you.
A phantasmal warrior comes into view.
The phantasmal warrior blinks!
The phantasmal warrior closely misses you.
A deep troll earth mage comes into view.
The phantasmal warrior blinks!
You barely miss the phantasmal warrior. The phantasmal warrior hits you!
* * * LOW HITPOINT WARNING * * *
The deep troll earth mage shouts!
The deep troll earth mage misses you.
The deep troll earth mage barely misses you.
The deep troll earth mage completely misses you.
The deep troll earth mage completely misses you.
The deep troll earth mage claws you!
You die...

... #...##### ### #
...##...##..##..##..
....................
....................
....................
..##...##..###################
#'####..####)....##......>#
#....#....'.))............#
#+###....#....#.@W............#
....)....#....#.TT........(...#
...#######....##.....###+######
...# .##....##.....##).....##
#..# ..########......#...)...#
##.##...... ..........#.......#
#......).. ..........#.......#
##.......! ..........#.......#
#.#...##. ..##.....##.......#


You could see a phantasmal warrior, a deep troll earth mage and a troll.

Vanquished Creatures
  Erolcha (D:11)
  A tengu warrior (D:10)
  The ghost of grerr the Martial Artist, a novice OpTm of Cheibriados (D:7)
  The ghost of letownia the Insei, a novice OpTm (D:6)
  Pikel (D:6)
  A hill giant (D:11)
  A cyclops (D:11)
  2 gargoyles (D:10)
  A komodo dragon (D:11)
  A troll (D:11)
  Grinder (D:6)
  2 hornets
  A hippogriff (D:8)
  A meliai zombie (D:10)
  A wyvern (D:8)
  5 yaks (D:9)
  2 vampire mosquitoes (D:11)
  2 hungry ghosts (D:10)
  Menkaure (D:5)
  Duvessa (D:5)
  A porcupine (D:9)
  A water moccasin (D:5)
  7 orc warriors
  4 ice beasts
  5 sky beasts
  A phantom (D:9)
  A slave (D:6)
  2 black bears
  8 ogres
  2 centaurs (D:10)
  A big kobold (D:6)
  7 bullfrogs
  A gnoll sergeant (D:10)
  A water moccasin skeleton (D:9)
  3 scorpions
  4 killer bees (D:10)
  10 wights
  2 howler monkeys
  3 bullfrog zombies
  5 hounds
  A centaur zombie (D:6)
  2 quasits (D:10)
  7 orc priests
  3 centaur skeletons
  A bullfrog skeleton (D:5)
  A gnoll shaman (D:7)
  5 jellies
  An iron imp (D:8)
  7 iguanas
  10 orc wizards
  5 worker ants
  A killer bee zombie (D:6)
  3 hound zombies
  A hound skeleton (D:7)
  3 howler monkey zombies
  3 worker ant zombies
  7 gnolls
  A howler monkey skeleton (D:7)
  6 adders
  A shadow imp (D:5)
  An ooze (D:1)
  2 worms
  4 dart slugs
  8 leopard geckos
  51 orcs
  2 ball pythons
  9 bats
  4 giant cockroaches
  9 goblins
  11 hobgoblins
  11 jackals
  14 kobolds
  6 quokkas
  5 frilled lizards
  2 leopard gecko skeletons
  A quokka skeleton (D:4)
  A quokka zombie (D:5)
  10 rats
317 creatures vanquished.

Vanquished Creatures (others)
  A slave (D:6)
  A jelly (D:7)
  An adder (D:7)
  A shadow imp (D:10)
  5 toadstools (D:1)
9 creatures vanquished.

Grand Total: 326 creatures vanquished

Notes
Turn   | Place    | Note
-------+----------+-------------------------------------------
     0 | D:1      | Reinor the Felid Air Elementalist began the quest for the Orb.
     0 | D:1      | Reached XP level 1. HP: 7/7 MP: 4/4
   516 | D:1      | Reached XP level 2. HP: 7/11 MP: 6/6
   523 | D:1      | Learned a level 2 spell: Repel Missiles
   551 | D:1      | Reached skill level 3 in Dodging
  1304 | D:1      | Reached skill level 1 in Conjurations
  1667 | D:2      | Learned a level 2 spell: Swiftness
  1700 | D:2      | Reached XP level 3. HP: 14/14 MP: 7/7
  2762 | D:2      | Reached XP level 4. HP: 18/18 MP: 8/8
  3414 | D:3      | Noticed an ice beast
  3748 | D:3      | Slain by an ice beast
  3749 | D:3      | Reached XP level 3. HP: -1/14 MP: 2/8
  4198 | D:3      | Killed an ice beast
  4198 | D:3      | Reached skill level 4 in Dodging
  4198 | D:3      | Reached XP level 4. HP: 9/18 MP: 1/9
  4198 | D:3      | Reached XP level 5. HP: 10/21 MP: 1/10
  4440 | D:3      | Learned a level 3 spell: Regeneration
  4921 | D:4      | HP: 1/21 [iguana (13)]
  5190 | D:4      | Noticed an ogre
  5345 | D:4      | Killed an ogre
  5345 | D:4      | Reached skill level 5 in Dodging
  5345 | D:4      | Gained mutation: You are covered in thick fur. (AC +2) [Felid growth]
  5345 | D:4      | Reached XP level 6. HP: 24/24 MP: 5/12
  5585 | D:4      | Reached skill level 1 in Charms
  5902 | D:4      | Reached XP level 7. HP: 27/27 MP: 7/13
  6272 | D:5      | Entered Level 5 of the Dungeon
  6587 | D:5      | Reached skill level 6 in Dodging
  7384 | D:5      | Noticed Dowan
  7385 | D:5      | Noticed Duvessa
  7408 | D:5      | Killed Duvessa
  7408 | D:5      | Reached skill level 1 in Unarmed Combat
  7785 | D:5      | Reached XP level 8. HP: 18/31 MP: 8/15
  7959 | D:5      | Noticed Menkaure
  7973 | D:5      | Killed Menkaure
  8411 | D:6      | Reached skill level 5 in Spellcasting
  8419 | D:6      | Reached skill level 7 in Dodging
  8811 | D:6      | Found a staircase to the Ecumenical Temple.
  8824 | Temple   | Entered the Ecumenical Temple
  9042 | D:6      | Noticed Pikel
  9095 | D:6      | Killed Pikel
  9095 | D:6      | Reached skill level 5 in Stealth
  9095 | D:6      | Reached XP level 9. HP: 15/34 MP: 0/18
  9199 | D:6      | Slain by a killer bee zombie
  9200 | D:6      | Reached XP level 8. HP: 0/31 MP: 12/17
  9611 | D:6      | Noticed letownia's ghost (novice OpTm)
  9614 | D:6      | Noticed Grinder
  9963 | D:6      | Killed letownia's ghost
  9963 | D:6      | Reached skill level 5 in Air Magic
  9969 | D:6      | Learned a level 3 spell: Static Discharge
 10146 | D:6      | Killed Grinder
 10303 | D:7      | Reached XP level 9. HP: 10/34 MP: 15/19
 10529 | D:7      | Reached skill level 5 in Charms
 10718 | D:7      | Learned a level 3 spell: Ozocubu's Armour
 10780 | D:7      | Noticed grerr's ghost (novice OpTm)
 10799 | D:7      | Killed grerr's ghost
 10799 | D:7      | Reached skill level 5 in Unarmed Combat
 11118 | D:7      | Found a glowing silver altar of Zin.
 11839 | D:8      | Reached skill level 1 in Fighting
 11843 | D:8      | Found a radiant altar of Vehumet.
 11851 | D:8      | Became a worshipper of Vehumet
 11892 | D:8      | Noticed blueshrew's ghost (novice HESk)
 12212 | D:8      | Noticed a red ugly thing
 12579 | D:8      | Found a snail-covered altar of Cheibriados.
 13158 | D:8      | Found Feet's Book Shoppe.
 13266 | D:8      | Reached XP level 10. HP: 28/40 MP: 14/21
 13722 | D:9      | Reached * piety under Vehumet
 13722 | D:9      | Offered knowledge of Sting by Vehumet.
 14212 | D:9      | Found a shimmering altar of Xom.
 14258 | D:9      | Found a glowing golden altar of the Shining One.
 14258 | D:9      | Found a shadowy altar of Dithmenos.
 14330 | D:9      | Found a staircase to the Lair.
 14450 | D:9      | Reached skill level 5 in Conjurations
 14978 | D:9      | Found a staircase to the Orcish Mines.
 15662 | D:9      | Reached skill level 8 in Dodging
 16095 | D:9      | Offered knowledge of Searing Ray by Vehumet.
 16099 | D:9      | Learned a level 2 spell: Searing Ray
 16138 | D:9      | Reached ** piety under Vehumet
 16328 | D:10     | Entered Level 10 of the Dungeon
 16329 | D:10     | Identified a scroll of acquirement
 16329 | D:10     | Identified Reinor's Grimoire of Ensnaring Changing (You acquired it on level 10 of the Dungeon)
 16359 | D:10     | Noticed a gargoyle
 16394 | D:10     | Killed a gargoyle
 16643 | D:10     | Noticed a gargoyle
 16664 | D:10     | Killed a gargoyle
 16664 | D:10     | Reached XP level 11. HP: 29/45 MP: 5/24
 17349 | D:10     | Noticed a tengu warrior
 17353 | D:10     | Killed a tengu warrior
 17353 | D:10     | Reached skill level 9 in Dodging
 17465 | D:10     | Learned a level 5 spell: Lightning Bolt
 18001 | D:10     | Offered knowledge of Ignite Poison by Vehumet.
 18512 | D:11     | Reached *** piety under Vehumet
 18645 | D:11     | Noticed a hill giant
 18656 | D:11     | Killed a hill giant
 18671 | D:11     | Noticed Erolcha
 19021 | D:11     | Noticed Harold
 19029 | D:11     | Noticed a green ugly thing
 19033 | D:11     | Slain by Harold
 19034 | D:11     | Reached XP level 10. HP: 0/42 MP: 8/23
 19130 | D:11     | Killed Erolcha
 19130 | D:11     | Reached skill level 10 in Dodging
 19319 | D:11     | Noticed a phantasmal warrior
 19323 | D:11     | Noticed a deep troll earth mage
 19332 | D:11     | Mangled by a deep troll earth mage

Skill      XL: |  1  2  3  4  5  6  7  8  9 10 11 |
---------------+----------------------------------+-----
Stealth        | 3 7 8 |  8.2
Dodging        | 3 4 5 6 7 10 9 | 10.1
Conjurations   | 1 2 3 4 7 6 |  7.0
Air Magic      | 3 4 5 6 7 8 |  8.3
Spellcasting   | 3 4 6 7 8 |  8.9
Charms         | 2 3 4 6 |  6.0
Unarmed Combat | 1 4 5 |  5.0
Evocations     | 2 |  2.2
Fighting       | 2 3 |  3.0

Action                   |  1- 3 |  4- 6 |  7- 9 | 10-12 || total
-------------------------+-------+-------+-------+-------++-------
Melee: Unarmed           |   131 |    64 |    87 |   120 ||   402
       Bite              |     9 |     4 |    10 |    12 ||    35
       Punch             |       |       |       |     3 ||     3
 Cast: Shock             |    63 |    93 |   373 |   218 ||   747
       Repel Missiles    |       |       |     2 |       ||     2
       Regeneration      |       |       |     3 |     1 ||     4
       Static Discharge  |       |       |     4 |    20 ||    24
       Ozocubu's Armour  |       |       |     1 |     4 ||     5
       Swiftness         |       |       |     1 |       ||     1
       Searing Ray       |       |       |       |    19 ||    19
       Lightning Bolt    |       |       |       |    19 ||    19
Evoke: Wand              |       |       |     2 |       ||     2
  Use: Scroll            |     5 |     3 |    10 |     4 ||    22
       Potion            |       |       |     1 |       ||     1
 Stab: Sleeping          |     8 |     4 |    11 |    10 ||    33
       Distracted        |     1 |     1 |     1 |       ||     3
  Eat: Chunk             |    16 |     6 |    18 |    29 ||    69
Armor: Skin              |     9 |     5 |    13 |    13 ||    40
Dodge: Dodged            |   131 |    60 |   171 |   273 ||   635
       Deflected         |       |       |     4 |     2 ||     6
